 Dungeon Crawl Stone Soup version 0.18.1-48-g4cf74bf (webtiles) character file.

354 WarriorsX the Slasher (level 6, 0/48 HPs)
             Began as a Human Fighter on July 30, 2016.
             Slain by Crazy Yiuf
             ... wielding a +4 quarterstaff of chaos
              (2 damage)
             ... on level 4 of the Dungeon.
             The game lasted 00:05:42 (2725 turns).

WarriorsX the Slasher (Human Fighter)               Turns: 2725, Time: 00:05:42

Health: 0/48       AC: 14    Str: 19    XL:     6   Next: 94%
Magic:  6/6        EV:  3    Int:  8    God:
Gold:   154        SH:  9    Dex: 12    Spells: 0 memorised, 5 levels left

rFire  . . .     SeeInvis .     a - +0 long sword
rCold  . . .     Gourm    .     k - +1 plate armour
rNeg   . . .     Faith    .     c - +0 shield
rPois  .         Spirit   .     q - +0 helmet
rElec  .         Dismiss  .     (no cloak)
rCorr  .         Reflect  .     (no gloves)
SustAt .         Harm     +     (no boots)
MR     .....                    h - amulet of harm
Stlth  ..........               (no ring)
                                (no ring)

@: starving, slowed, very slow, not resistant to hostile enchantments, extremely
unstealthy
A: no striking features
a: no special abilities


You were on level 4 of the Dungeon.
You were starving.

You visited 1 branch of the dungeon, and saw 4 of its levels.

You collected 154 gold pieces.

Inventory:

Hand Weapons
 a - a +0 long sword (weapon)
 i - a +2 dagger of venom
Armour
 c - a +0 shield (worn)
 k - a +1 plate armour (worn)
 q - a +0 helmet (worn)
Jewellery
 b - a cursed ring of loudness {unknown}
 h - an amulet of harm (around neck)
Scrolls
 j - 6 scrolls of identify {unknown}
 n - a scroll of amnesia {unknown}
 p - a scroll of immolation {unknown}
 r - a scroll of enchant armour
 s - 2 scrolls of magic mapping {unknown}
Potions
 d - a potion of might
 e - a potion of ambrosia {unknown}
 g - a potion of brilliance {unknown}
 l - a potion of invisibility {unknown}
 o - a potion of curing {unknown}
Comestibles
 f - 2 bread rations
 m - 2 meat rations


   Skills:
 - Level 4.2 Fighting
 - Level 5.0 Long Blades
 + Level 4.6 Armour
 - Level 3.0 Shields


You had 5 spell levels left.
You didn't know any spells.

Dungeon Overview and Level Annotations

Branches:
Dungeon (4/15)
 Temple: D:4-7

Altars:
Sif Muna

Annotations:
D:4 Crazy Yiuf


Message History

Crazy Yiuf hits you with a quarterstaff of chaos.
* * * LOW HITPOINT WARNING * * *
Crazy Yiuf freezes you.
* * * LOW HITPOINT WARNING * * *
Crazy Yiuf hits you but does no damage.
You hit Crazy Yiuf.
Crazy Yiuf is heavily wounded.
You block Crazy Yiuf's attack. Crazy Yiuf barely misses you.
You hit Crazy Yiuf.
Crazy Yiuf is almost dead.
Crazy Yiuf hits you with a quarterstaff of chaos.
* * * LOW HITPOINT WARNING * * *
Crazy Yiuf burns you.
* * * LOW HITPOINT WARNING * * *
Drink which item? (? for menu, Esc to quit)
Okay, then.
You closely miss Crazy Yiuf.
Crazy Yiuf is almost dead.
Crazy Yiuf hits you with a quarterstaff of chaos.
You die...

#####
#)@.#
#.g.#
#...#
##.##
♣.♣♣
♣♣.♣
♣.♣♣
♣♣.♣
♣♣.♣♣
########


You could see Crazy Yiuf.

Vanquished Creatures
  Blork the orc (D:4)
  Natasha (thrice) (D:3)
  Terence (D:2)
  Robin (D:2)
  3 gnolls (D:3)
  7 adders
  2 dart slugs
  A giant gecko (D:2)
  6 orcs
  4 ball pythons (D:3)
  A giant cockroach (D:3)
  11 hobgoblins
  5 kobolds
  A quokka (D:2)
  4 bats
  3 giant newts
  14 goblins
  14 rats
82 creatures vanquished.

Notes
Turn   | Place    | Note
--------------------------------------------------------------
     0 | D:1      | WarriorsX the Human Fighter began the quest for the Orb.
     0 | D:1      | Reached XP level 1. HP: 18/18 MP: 1/1
   102 | D:1      | Reached XP level 2. HP: 24/24 MP: 2/2
   280 | D:1      | Reached skill level 3 in Long Blades
   801 | D:2      | Noticed Terence
   820 | D:2      | Killed Terence
   820 | D:2      | Reached XP level 3. HP: 13/29 MP: 3/3
   839 | D:2      | Reached skill level 4 in Long Blades
   839 | D:2      | Reached XP level 4. HP: 10/35 MP: 4/4
  1208 | D:2      | Noticed Robin
  1218 | D:2      | Killed Robin
  1235 | D:2      | Reached XP level 5. HP: 35/41 MP: 5/5
  1440 | D:2      | Reached skill level 5 in Long Blades
  1467 | D:3      | Noticed Natasha
  1490 | D:3      | Killed Natasha
  1635 | D:3      | Noticed Natasha
  1647 | D:3      | Killed Natasha
  1656 | D:3      | Noticed Natasha
  1659 | D:3      | Killed Natasha
  1659 | D:3      | Reached XP level 6. HP: 48/48 MP: 6/6
  1763 | D:3      | Found a deep blue altar of Sif Muna.
  2563 | D:4      | Noticed Blork the orc
  2580 | D:4      | Killed Blork the orc
  2710 | D:4      | Noticed Crazy Yiuf
  2724 | D:4      | HP: 2/48 [Crazy Yiuf/quarterstaff of chaos (1)]
  2725 | D:4      | Slain by Crazy Yiuf

Skill      XL: |  1  2  3  4  5  6 |
---------------+-------------------+-----
Long Blades    | 3 4 5 |  5.0
Fighting       | 4 |  4.2
Armour         | 4 |  4.6
Shields        | |  3.0

Action                   |  1- 3 |  4- 6 || total
-------------------------+-------+-------++-------
Melee: Long sword        |    86 |   260 ||   346
  Use: Scroll            |       |     1 ||     1
  Eat: Chunk             |       |     4 ||     4
Armor: Scale mail        |     2 |       ||     2
       Plate armour      |    58 |   141 ||   199
Dodge: Dodged            |     9 |    21 ||    30
Block: Shield            |    38 |   124 ||   162
